 Dungeon Crawl Stone Soup version 0.27.1-34-g3ba077fa99 (webtiles) character file.

Game seed: 14519831752283982738

879 cbfl8 the Cutter (level 7, 0/57 HPs)
             Began as a Minotaur Wanderer on Jan 19, 2022.
             Slain by an orc (3 damage)
             ... on level 4 of the Dungeon.
             The game lasted 00:09:15 (5844 turns).

cbfl8 the Cutter (Minotaur Wanderer)                Turns: 5844, Time: 00:09:16

Health: 0/57       AC: 13    Str: 18    XL:     7   Next: 75%
Magic:  8/8        EV:  3    Int:  9    God:
Gold:   142        SH: 14    Dex: 10    Spells: 9/9 levels left

rFire    . . .     SeeInvis .   k - +2 dagger (elec)
rCold    . . .     Faith    .   j - +0 tower shield
rNeg     . . .     Spirit   .   b - +0 chain mail
rPois    .         Reflect  .   (helmet restricted)
rElec    .         Harm     .   z - scarf {repulsion}
rCorr    .         Rampage  .   (no gloves)
Will     .....                  (no boots)
Stlth    ..........             (no amulet)
HPRegen  0.19/turn              l - +4 ring of protection
MPRegen  0.11/turn              (no ring)

@: mighty, attractive, repel missiles
A: horns 2, retaliatory headbutt
a: no special abilities


You were on level 4 of the Dungeon.
You visited 1 branch of the dungeon, and saw 4 of its levels.

You collected 142 gold pieces.

Inventory:

Hand Weapons
 a - a +2 short sword
 d - a +0 dagger
 f - a +0 dagger
 k - a +2 dagger of electrocution (weapon)
 v - a +1 hunting sling of flaming
 x - a +0 dagger of draining
Missiles
 w - a throwing net (quivered)
 y - 7 poisoned darts
Armour
 b - a +0 chain mail (worn)
 c - a +0 robe
 g - a +0 leather armour
 i - a +0 buckler
 j - a +0 tower shield (worn)
 z - a scarf of repulsion (worn)
Jewellery
 l - a +4 ring of protection (left hand)
Wands
 s - a wand of flame (19)
Scrolls
 e - a scroll of enchant armour {unknown}
 h - 3 scrolls of magic mapping {unknown}
 m - 4 scrolls of identify {unknown}
 q - a scroll of teleportation
Potions
 n - a potion of attraction
 o - 2 potions of curing {unknown}
 p - 2 potions of lignification {unknown}
 r - a potion of berserk rage {unknown}
 u - a potion of heal wounds {unknown}


   Skills:
 + Level 3.5 Fighting
 + Level 5.8 Short Blades
 + Level 1.1 Throwing
 + Level 5.1 Armour
 + Level 1.8 Dodging
 + Level 2.4 Stealth
 + Level 4.9 Shields
 + Level 1.6 Spellcasting
 + Level 1.0 Hexes


You had 9 spell levels left.
You didn't know any spells.
Your spell library contained the following spells:

 Spells                   Type           Power      Damage    Failure   Level
 Poisonous Vapours        Pois/Air       0%         N/A       100%        2
 Static Discharge         Conj/Air       0%         N/A       100%        2
 Sublimation of Blood     Necr           0%         N/A       100%        2
 Wereblood                Tmut           0%         N/A       100%        2
 Summon Hydra             Summ           0%         N/A       100%        7


Dungeon Overview and Level Annotations

Branches:
Dungeon (4/15)
 Temple: D:4-7

Altars:
Ashenzari
Okawaru
Qazlal
Zin

Annotations:
D:3 1 runed translucent door, Uniporpoise's ghost, amateur DEFE


Innate Abilities, Weirdness & Mutations

You have a pair of horns on your head.
You reflexively headbutt those who attack you in melee.


Message History

Unknown command.
You hit the endoplasm.
The endoplasm is heavily wounded.
You block the endoplasm's attack. You block the orc's attack.
Unknown command.
You hit the endoplasm but do no damage.
The endoplasm is heavily wounded.
The endoplasm freezes you.
You are frozen.
* * * LOW HITPOINT WARNING * * *
The orc hits you from afar with a +0 trident.
* * * LOW HITPOINT WARNING * * *
You hit the endoplasm but do no damage.
The endoplasm is heavily wounded.
You block the endoplasm's attack. You block the orc's attack.
Unknown command.
You hit the endoplasm.
Lightning courses through the endoplasm!!
You kill the endoplasm!
You block the orc's attack. The orc barely misses you.
The orc hits you but does no damage.
Items here: )))) ? [[[[ †.
You block the orc's attack.
You hit the orc.
The orc is moderately wounded.
You block the orc's attack.
Your shield and chain mail prevent you from hitting the orc.
The orc is lightly wounded.
The orc hits you with a +0 trident!
* * * LOW HITPOINT WARNING * * *
You hit the orc but do no damage. Your headbutt misses the orc.
The orc is lightly wounded.
The orc hits you but does no damage.
It was a potion of attraction.
You feel attractive to monsters. The orc hits you but does no damage.
It was a potion of might.
You feel very mighty all of a sudden. The orc hits you with a +0 trident.
You die...

.### ####.### ...# #...##
##.# #.#..# #.# #.##.###
#.## #......# .#..##
####)#..# ..#..######
#)##...# ##..†.....#
#)##.#.# .#####...[#
#@o#...# ...))#....#
##.(...# #...(#....#
##....# ######.(..# ....#
..>....)## .....# .
.........#### .......
#########.....#####.#...#
########†###............
##................J.. ...


You could see an orc.

Vanquished Creatures
  Sigmund (D:4)
  An orc warrior (D:4)
  An ogre (D:4)
  A necrophage (D:4)
  2 kobold brigands (D:4)
  3 orc priests
  Jessica (D:2)
  An iguana (D:4)
  2 orc wizards
  3 adders
  2 worms (D:4)
  4 dart slugs
  7 orcs
  5 endoplasms
  4 giant cockroaches
  7 goblins
  11 hobgoblins
  4 jackals (D:1)
  12 kobolds
  6 quokkas
  7 ball pythons
  4 bats
  3 frilled lizards
  5 rats (D:1)
97 creatures vanquished.

Notes
Turn   | Place    | Note
-------+----------+-------------------------------------------
     0 | D:1      | cbfl8 the Minotaur Wanderer began the quest for the Orb.
     0 | D:1      | cbfl8 set off with the following items: a +2 short sword, a
                  | scroll of teleportation, a +0 robe, a +0 dagger; and the
                  | following spells available to memorise: Poisonous Vapours,
                  | Static Discharge
     0 | D:1      | Reached XP level 1. HP: 16/16 MP: 1/1
   324 | D:1      | Reached XP level 2. HP: 20/23 MP: 1/3
   910 | D:1      | Reached XP level 3. HP: 28/28 MP: 4/4
  2255 | D:2      | Reached skill level 1 in Armour
  2255 | D:2      | Reached XP level 4. HP: 33/36 MP: 5/5
  2467 | D:2      | Noticed Jessica
  2471 | D:2      | Killed Jessica
  3207 | D:3      | Found a runed translucent door.
  3208 | D:3      | Noticed Uniporpoise's ghost (amateur DEFE)
  3253 | D:3      | Found a glowing silver altar of Zin.
  3404 | D:3      | Reached skill level 1 in Shields
  3404 | D:3      | Reached XP level 5. HP: 9/41 MP: 6/6
  3407 | D:3      | Reached skill level 1 in Dodging
  3749 | D:3      | Found a stormy altar of Qazlal.
  3749 | D:3      | Found an iron altar of Okawaru.
  3794 | D:3      | Found a faded altar of an unknown god.
  3850 | D:3      | Found a broken altar of Ashenzari.
  4315 | D:4      | Noticed a necrophage
  4328 | D:4      | Killed a necrophage
  4329 | D:4      | Reached skill level 5 in Short Blades
  4353 | D:4      | Noticed an ogre
  4358 | D:4      | Reached XP level 6. HP: 46/50 MP: 7/7
  5037 | D:4      | Reached XP level 7. HP: 57/57 MP: 8/8
  5565 | D:4      | Noticed Sigmund
  5599 | D:4      | Killed Sigmund
  5818 | D:4      | Reached skill level 5 in Armour
  5841 | D:4      | HP: 2/57 [orc (7)]
  5844 | D:4      | Slain by an orc

Illustrated notes

Levels and vault maps discovered:
D:1:      dpeg_arrival_subterranean_lakeside_camping, layout_rooms,
          kennysheep_nondescript
D:2:      layout_basic, minmay_ruptured, uniq_jessica
D:3:      layout_loops_cross, lemuel_round_altar, ashenzari_conservatory_becter,
          gammafunk_temple_overflow_pools, ebering_ghost_reflecting_pool,
          hellmonk_ecumenical_altar_inner_sanctum
D:4:      cheibrodos_thug_alley, layout_rooms, uniq_sigmund

Skill      XL: |  1  2  3  4  5  6  7 |
---------------+----------------------+-----
Short Blades   | 4 5 |  5.8
Armour         | 1 3 4 5 |  5.1
Stealth        | 2 |  2.4
Fighting       | 2 3 |  3.5
Shields        | 1 2 3 4 |  4.9
Dodging        | 1 |  1.8
Throwing       | |  1.1
Spellcasting   | |  1.6
Hexes          | |  1.0

Action                   |  1- 3 |  4- 6 |  7- 9 || total
-------------------------+-------+-------+-------++-------
Melee: Short sword       |    78 |       |       ||    78
       Headbutt          |    10 |    10 |     7 ||    27
       Dagger            |    26 |   103 |    77 ||   206
  Use: Scroll            |     1 |       |     1 ||     2
       Potion            |       |       |     2 ||     2
 Stab: Sleeping          |     2 |       |       ||     2
Armor: Robe              |     4 |       |       ||     4
       Leather armour    |    12 |       |       ||    12
       Chain mail        |    31 |    32 |    38 ||   101
Dodge: Dodged            |    61 |     2 |    10 ||    73
       Repelled          |       |       |     1 ||     1
Block: Tower shield      |    17 |    64 |    68 ||   149
